 Dungeon Crawl Stone Soup version 0.31-a0-339-gda1cbd555d (webtiles) character file.

Game seed: 6198071731922842997

17502 arthad the Protected (level 12, -24/80 HPs)
             Began as a Gargoyle Fighter on July 20, 2023.
             Was a Priest of Trog.
             Annihilated by an enormous slime creature (69 damage)
             ... on level 13 of the Dungeon.
             The game lasted 00:20:23 (12064 turns).

arthad the Protected (Gargoyle Fighter)            Turns: 12064, Time: 00:20:24

Health: -24/80     AC: 21    Str: 32    XL:     12   Next: 48%
Magic:  12/12      EV: 11    Int:  8    God:    Trog [***...]
Gold:   581        SH: 12    Dex:  9    Spells: 11/11 levels left

rFire   . . .        H - +3 morningstar
rCold   . . .        c - +1 buckler
rNeg    + . .        b - +0 scale mail
rPois   ∞            (no helmet)
rElec   +            O - +1 cloak {rCorr}
rCorr   +            (no gloves)
SInv    .            (no boots)
Will    .....        E - amulet of reflection Stlth
                     q - +6 ring of strength
HPRegen 0.33/turn    l - ring of resist corrosion
MPRegen 0.13/turn

%: reflection
@: no status effects
A: sickness immunity, AC +8, negative energy resistance 1, electricity
resistance, torment resistance 1, petrification resistance, hooves 1, screaming
1, shaggy fur 1
a: Renounce Religion, Berserk, Trog's Hand


You were on level 13 of the Dungeon.
You worshipped Trog.
Trog was most pleased with you.
You visited 2 branches of the dungeon, and saw 14 of its levels.

You collected 861 gold pieces.
You spent 280 gold pieces at shops.

Inventory:

Hand Weapons
 a - a +0 flail
 e - a +1 whip of electrocution
 s - a +1 hand axe of freezing
 t - a +0 rapier of electrocution
 C - a +0 whip of flaming
 H - a +3 morningstar (weapon)
 R - a +0 heavy mace
 W - the +11 glaive of the Final Ultimatums {antimagic, rPois rF+}
   (You found it on level 12 of the Dungeon)

   rF:        It protects you from fire.
   rPois:     It protects you from poison.
Missiles
 x - 2 atropa-tipped darts
 y - 44 poisoned darts (quivered)
 I - 4 curare-tipped darts
Armour
 b - a +0 scale mail (worn)
 c - a +1 buckler (worn)
 w - a +0 cloak
 O - a +1 cloak of preservation (worn)
Magical Staves
 g - a staff of conjuration
Jewellery
 l - a ring of resist corrosion (right hand)
 m - an amulet of magic regeneration
 q - a +6 ring of strength (left hand)
 E - an amulet of reflection (around neck)
 Q - an amulet of the acrobat
 S - a +6 ring of intelligence
Wands
 z - a wand of mindburst (15)
 L - a wand of roots (2)
 T - a wand of acid (4)
Scrolls
 i - 12 scrolls of identify
 j - 2 scrolls of poison
 k - 4 scrolls of noise
 p - 3 scrolls of enchant armour
 u - 3 scrolls of immolation {unknown}
 A - 2 scrolls of vulnerability {unknown}
 B - 2 scrolls of teleportation
 D - a scroll of blinking {unknown}
 G - 3 scrolls of fear {unknown}
 J - a scroll of acquirement {unknown}
 K - 2 scrolls of revelation {unknown}
 M - a scroll of torment {unknown}
 N - 2 scrolls of silence {unknown}
 V - a scroll of fog {unknown}
Potions
 d - 2 potions of might
 f - a potion of lignification
 h - 2 potions of mutation
 n - 3 potions of curing
 o - 2 potions of cancellation {unknown}
 r - a potion of brilliance {unknown}
 v - 4 potions of haste {unknown}
 F - a potion of degeneration
 P - a potion of berserk rage {unknown}
 U - a potion of heal wounds {unknown}


   Skills:
 * Level 11.4 Fighting
 * Level 10.2 Maces & Flails
 * Level 11.4 Armour
 + Level 2.8 Dodging
 * Level 11.4 Shields


You had 11 spell levels left.
You didn't know any spells.
Your spell library contained the following spells:

 Spells                   Type           Power      Damage    Failure   Level
 Apportation              Tloc           0%         N/A       63%         1
 Magic Dart               Conj           0%         1d3       63%         1
 Blink                    Tloc           0%         N/A       77%         2
 Lesser Beckoning         Tloc           0%         N/A       77%         2
 Momentum Strike          Conj/Tloc      0%         3d8       77%         2
 Searing Ray              Conj           0%         2d4       77%         2
 Portal Projectile        Hex/Tloc       0%         N/A       94%         3
 Summon Guardian Golem    Hex/Summ       0%         N/A       94%         3
 Tukima's Dance           Hex            0%         N/A       94%         3
 Fulminant Prism          Conj/Hex       0%         3d5       100%        4
 Iskenderun's Mystic Bla  Conj/Tloc      0%         2d3       100%        4
 Alistair's Intoxication  Tmut/Pois      0%         N/A       100%        5
 Orb of Destruction       Conj           0%         9d5       100%        7
 Spellforged Servitor     Conj/Summ      0%         N/A       100%        7


Dungeon Overview and Level Annotations

Branches:
Dungeon (13/15)            Temple (1/1) D:5            Lair (0/5) D:9
    Orc (0/2) D:11
 Vaults: D:13-14

Altars:
Ashenzari
Cheibriados
Dithmenos
Elyvilon
Fedhas
Gozag
Hepliaklqana
Kikubaaqudgha
Makhleb
Nemelex Xobeh
Okawaru
Qazlal
Ru
Sif Muna
Trog
Uskayaw
Vehumet
Wu Jian
Xom
Yredelemnul
Zin
The Shining One

Shops:
D:3 ?   D:10 [   D:12 =

Annotations:
Temple 2 transporters


Innate Abilities, Weirdness & Mutations

You are immune to sickness and miasma.
Your stone body is resilient. (AC +8)
You are immune to poison.
You resist negative energy. (rN+)
You are resistant to electric shocks. (rElec)
You are resistant to unholy torment.
You are immune to petrification.
You have large cloven feet.
You occasionally shout uncontrollably at your foes.
You are covered in fur. (AC +1)


Message History

You block the slime creature's attack.
Two slime creatures merge to form a very large slime creature.
You puncture the cyclops!
You kill the cyclops!
Trog accepts your kill.
You hit the very large slime creature. You kick the very large slime creature.
The very large slime creature is lightly wounded.
The large slime creature barely misses you.
You barely miss the very large slime creature.
You kick the very large slime creature.
The very large slime creature is lightly wounded.
You block the very large slime creature's attack.
The large slime creature hits you.
Two slime creatures merge to form an enormous slime creature.
You sock the enormous slime creature!
The enormous slime creature is lightly wounded.
The large slime creature completely misses you.
You bludgeon the enormous slime creature!!
The enormous slime creature is moderately wounded.
A large slime creature splits.
You puncture the enormous slime creature!
Your kick misses the enormous slime creature.
The enormous slime creature is moderately wounded.
The enormous slime creature barely misses you.
The slime creature hits you but does no damage.
The slime creature barely misses you.
You puncture the enormous slime creature!
The enormous slime creature is moderately wounded.
The enormous slime creature hits you!! The slime creature hits you!
You block the slime creature's attack.
You puncture the enormous slime creature!
The enormous slime creature is moderately wounded.
You block the enormous slime creature's attack.
The slime creature hits you.
You impale the enormous slime creature!!
The enormous slime creature is heavily wounded.
The slime creature hits you but does no damage.
You block the slime creature's attack. The enormous slime creature hits you!!!
Ouch! That really hurt!
You die...

#......
#...########......
#................. .
#.................
..#####.................
.$......................
........................
......JJ................
......J@................
......####......########
..... #......# ....
#......# ... ######.# ..
#.# . #.########
#......... #.........


You could see an enormous slime creature and 2 slime creatures.

Vanquished Creatures
  Harold (D:11)
  2 tengu warriors
  A two-headed ogre (D:12)
  A boulder beetle (D:12)
  Pikel (D:7)
  A deep elf pyromancer (D:11)
  A manticore (D:12)
  2 ugly things (D:12)
  3 cyclopes
  An ice statue (D:11)
  2 gargoyles
  2 komodo dragons
  A kobold demonologist (D:10)
  An unseen horror (D:12)
  2 trolls
  A hornet (D:7)
  Prince Ribbit (D:6)
  2 vampires
  3 wraiths (D:12)
  26 yaks
  Eustachio (D:4)
  A steam dragon (D:8)
  A water moccasin (D:8)
  An orc warrior (D:9)
  A black bear (D:6)
  3 ogres
  9 centaurs
  5 kobold brigands
  Blork the orc (D:6)
  A bullfrog (D:9)
  A gnoll sergeant (D:7)
  3 scorpions
  8 wights
  15 killer bees
  A crimson imp (D:8)
  3 jellies
  4 hounds
  A gnoll bouda (D:8)
  7 orc priests
  A sleepcap (D:7)
  2 iguanas
  6 orc wizards
  14 gnolls
  6 adders
  A white imp (D:5)
  2 ufetubi
  3 worms
  6 dart slugs
  31 orcs
  8 endoplasms
  3 giant cockroaches
  5 goblins
  8 hobgoblins
  25 kobolds
  2 quokkas
  8 ball pythons
  6 bats
  5 frilled lizards
  8 rats
272 creatures vanquished.

Vanquished Creatures (others)
  An unseen horror (D:12)
  A troll (D:12)
2 creatures vanquished.

Grand Total: 274 creatures vanquished

Notes
Turn   | Place    | Note
-------+----------+-------------------------------------------
     0 | D:1      | arthad the Gargoyle Fighter began the quest for the Orb.
     0 | D:1      | Reached XP level 1. HP: 14/14 MP: 1/1
   103 | D:1      | Reached XP level 2. HP: 1/19 MP: 2/2
   407 | D:1      | Reached XP level 3. HP: 16/23 MP: 3/3
   717 | D:2      | Reached XP level 4. HP: 11/29 MP: 4/4
  1873 | D:3      | Found a glowing silver altar of Zin.
  2028 | D:3      | Found Pootyas's Magic Scroll Shoppe.
  2352 | D:4      | Reached XP level 5. HP: 4/33 MP: 5/5
  2748 | D:4      | Reached XP level 6. HP: 39/39 MP: 6/6
  3068 | D:4      | Noticed Eustachio
  3109 | D:4      | Killed Eustachio
  3110 | D:4      | Reached skill level 5 in Fighting
  3110 | D:4      | Reached skill level 5 in Armour
  3110 | D:4      | Reached skill level 5 in Shields
  3110 | D:4      | Reached XP level 7. HP: 15/44 MP: 7/7
  3329 | D:4      | You fall into a shaft and drop 1 floor!
  3329 | D:5      | Entered Level 5 of the Dungeon
  3332 | D:5      | Found a staircase to the Ecumenical Temple.
  3387 | Temple   | Found a transporter.
  3387 | Temple   | Found a transporter.
  3387 | Temple   | Found a transporter.
  3387 | Temple   | Found a transporter.
  3387 | Temple   | Entered the Ecumenical Temple
  3611 | D:5      | Found a shimmering altar of Xom.
  3727 | D:4      | Reached XP level 8. HP: 45/51 MP: 8/8
  4087 | D:5      | Reached skill level 5 in Maces & Flails
  4212 | D:5      | Found a broken altar of Ashenzari.
  4355 | D:5      | Found a hazy altar of Hepliaklqana.
  4516 | D:6      | HP: 2/51 [orc/+0 flail (6)]
  4517 | D:6      | Gained mutation: You are covered in fur. (AC +1) [potion of
                  | mutation]
  4517 | D:6      | Gained mutation: You occasionally shout uncontrollably at
                  | your foes. [potion of mutation]
  4517 | D:6      | Gained mutation: You have large cloven feet. [potion of
                  | mutation]
  4819 | D:6      | Found a bloodstained altar of Trog.
  4829 | D:6      | Became a worshipper of Trog the Wrathful
  4841 | D:6      | Noticed Blork the orc
  4849 | D:6      | Killed Blork the orc
  4962 | D:6      | Noticed Prince Ribbit
  4988 | D:6      | Killed Prince Ribbit
  5328 | D:7      | Noticed a hornet
  5339 | D:7      | Killed a hornet
  5340 | D:7      | Reached XP level 9. HP: 49/57 MP: 9/9
  5467 | D:7      | Found a shadowy altar of Dithmenos.
  5710 | D:7      | Noticed Pikel
  5737 | D:7      | Killed Pikel
  5988 | D:8      | Reached * piety under Trog
  6180 | D:8      | Found a burning altar of Makhleb.
  6268 | D:8      | Reached XP level 10. HP: 42/64 MP: 10/10
  6512 | D:8      | Found an iron altar of Okawaru.
  6633 | D:8      | Found an opulent altar of Gozag.
  7077 | D:9      | Reached ** piety under Trog
  7217 | D:9      | Noticed a cyclops
  7223 | D:9      | Killed a cyclops
  7631 | D:9      | Found a staircase to the Lair.
  7867 | D:9      | Found a broken altar of Ashenzari.
  7912 | D:9      | Reached XP level 11. HP: 52/71 MP: 11/11
  8329 | D:10     | Entered Level 10 of the Dungeon
  8824 | D:10     | Found an ornate altar of the Wu Jian Council.
  8944 | D:10     | Reached skill level 10 in Armour
  9029 | D:10     | Found Loronuir's Armour Shoppe.
  9038 | D:10     | Reached *** piety under Trog
  9039 | D:10     | Reached skill level 10 in Fighting
  9053 | D:10     | Reached skill level 10 in Shields
  9065 | D:10     | Bought a +1 cloak of preservation for 280 gold pieces
  9748 | D:11     | Found a staircase to the Orcish Mines.
  9938 | D:11     | Noticed Harold
  9961 | D:11     | Killed Harold
  9962 | D:11     | Reached skill level 1 in Dodging
 10053 | D:11     | Noticed a deep elf pyromancer
 10061 | D:11     | Killed a deep elf pyromancer
 10240 | D:11     | Noticed a cyclops
 10780 | D:11     | Killed a cyclops
 10842 | D:12     | Noticed a tengu warrior
 10842 | D:12     | Found Otaj's Jewellery Shop.
 10854 | D:12     | Killed a tengu warrior
 10892 | D:12     | Noticed a manticore
 10893 | D:12     | Noticed a two-headed ogre
 10901 | D:12     | Killed a manticore
 10906 | D:12     | Killed a two-headed ogre
 10907 | D:12     | Reached XP level 12. HP: 47/79 MP: 12/12
 11369 | D:12     | Noticed a boulder beetle
 11382 | D:12     | Killed a boulder beetle
 11383 | D:12     | Reached skill level 10 in Maces & Flails
 11389 | D:12     | Found a shimmering altar of Xom.
 11646 | D:12     | Identified the +11 glaive of the Final Ultimatums
                  | {antimagic, rPois rF+}
 11880 | D:13     | Noticed a tengu warrior
 11892 | D:13     | Killed a tengu warrior
 12064 | D:13     | Annihilated by an enormous slime creature

Illustrated notes

Levels and vault maps discovered:
D:1:      saegor_arrival_simple_c, layout_basic, dk_noncrumbling_3
D:2:      minmay_inner_zag, layout_basic, nicolae_concentric_dashed_squares_wild
D:3:      layout_basic, zin_treasury, serial_shops, nicolae_shop_peninsula
D:4:      layout_loops_ring, uniq_eustachio
D:5:      layout_cave_pools, nicolae_hepliaklqana_hippocampus,
          minmay_temple_entry_arrows, hangedman_feature_mirror
D:6:      layout_rooms, trog_three_pillars_becter, kennysheep_crisscross,
          uniq_prince_ribbit1, uniq_blork_the_orc
D:7:      layout_rooms, nicolae_dithmenos_through_a_glass_darkly, uniq_pikel
D:8:      layout_rooms, mainiacjoe_overflow_cross_hatched, kennysheep_mini_moat,
          makhleb_grotto_becter, serial_curves, eino_curves_02, eino_curves_03,
          grunt_ministairs_11
D:9:      layout_loops_corners, mainiacjoe_overflow_alcove_2,
          david_lair_shrubbed
D:10:     layout_basic, pdpol_wu_jian_five_deadly_venoms, serial_shops,
          nicolae_shop_crystal
D:11:     layout_basic, orc_0_dummy, minivault_16, hangedman_decor_opposing,
          uniq_harold
D:12:     layout_loops_cross, serial_shops, nicolae_stop_n_shop_2,
          xom_confusion_cloud
D:13:     layout_irregular_city, kennysheep_generic_room_16
Temple:   hellmonk_temple_divided_pantheon

Skill      XL: |  1  2  3  4  5  6  7  8  9 10 11 12 |
---------------+-------------------------------------+-----
Armour         | 4 5 7 8 9 10 11 | 11.4
Fighting       | 4 5 7 8 9 10 11 | 11.4
Shields        | 4 5 6 8 9 10 11 | 11.4
Maces & Flails | 3 4 5 7 8 9 10 | 10.2
Dodging        | 2 |  2.8

Action                     |  1- 3 |  4- 6 |  7- 9 | 10-12 || total
---------------------------+-------+-------+-------+-------++-------
  Melee: Flail             |    95 |     6 |       |       ||   101
         Whip              |       |   217 |   373 |   391 ||   981
         Kick              |       |       |    57 |   157 ||   214
         Morningstar       |       |       |       |   144 ||   144
  Throw: Dart              |       |       |     6 |     6 ||    12
 Invoke: Berserk           |       |       |       |     2 ||     2
  Evoke: Wand              |       |     1 |     3 |     1 ||     5
    Use: Potion            |     1 |       |     5 |       ||     6
         Scroll            |     1 |       |     4 |     2 ||     7
 Armour: Scale mail        |    54 |   111 |   188 |   162 ||   515
         Skin              |     6 |       |       |       ||     6
  Dodge: Dodged            |    58 |    95 |   141 |   157 ||   451
  Block: Buckler           |    26 |    53 |    94 |   267 ||   440
         Reflection        |       |       |       |    14 ||    14

Table legend: (Time is in decaauts)
 A = Elapsed time spent in this place.
 B = Non-inter-level travel time spent in this place.
 C = Inter-level travel time spent in this place.
 D = Time resting spent in this place.
 E = Time spent auto-exploring this place.
 F = Levels seen in this place.
 G = Mean time per level.
                   A        B        C        D        E       F      G
               +--------+--------+--------+--------+--------+-----+--------+
         Total |  11945 |  11586 |    359 |   1102 |   8392 |  14 |  853.2 |
       Dungeon |  11910 |  11560 |    350 |   1102 |   8378 |  13 |  916.2 |
        Temple |     35 |     26 |      9 |      0 |     14 |   1 |   35.0 |
               +--------+--------+--------+--------+--------+-----+--------+

Top non-repeatable levels by time:
     D:4: 1431 daAuts
     D:9: 1390 daAuts
    D:10: 1329 daAuts
    D:11: 1134 daAuts
    D:12: 1041 daAuts
     D:2: 997 daAuts
     D:8: 926 daAuts
     D:5: 865 daAuts
     D:3: 847 daAuts
     D:7: 668 daAuts
     D:6: 550 daAuts
     D:1: 532 daAuts
    D:13: 194 daAuts
  Temple: 35 daAuts
